 Dungeon Crawl Stone Soup version 0.26.1-11-gd32895ea62 (webtiles) character file.

Game seed: 2946529166183455242

4148 H0rd4k the Martial Artist (level 10, -3/61 HPs)
             Began as an Octopode Transmuter on July 5, 2021.
             Was an Initiate of Gozag.
             Slain by an orc warrior
             ... wielding a +0 battleaxe
              (23 damage)
             ... on level 9 of the Dungeon.
             The game lasted 00:10:31 (12628 turns).

H0rd4k the Martial Artist (Octopode Transmuter)    Turns: 12628, Time: 00:10:32

Health: -3/61      AC:  2    Str: 10    XL:     10   Next: 27%
Magic:  18/18      EV: 26    Int: 24    God:    Gozag
Gold:   942        SH:  0    Dex: 24    Spells: 7/20 levels left

rFire    . . .     SeeInvis .     - Unarmed
rCold    . . .     Faith    +   (shield currently unavailable)
rNeg     . . .     Spirit   .   (helmet currently unavailable)
rPois    x         Reflect  .   y - amulet of faith
rElec    .         Harm     .   o - ring of flight
rCorr    .         Rampage  .   p - +6 ring of intelligence
Will     .....                  C - +6 ring of dexterity
Stlth    ++........             (no ring)
HPRegen  0.20/turn              (no ring)
MPRegen  0.16/turn              (no ring)
                                (no ring)
                                (no ring)

@: spider-form
A: tiny, almost no armour, stealthy swim, (amphibious), 8 rings, (constrict 8)
a: End Transformation, Renounce Religion, Evoke Flight, Potion Petition, Call
Merchant, Bribe Branch


You were on level 9 of the Dungeon.
You worshipped Gozag.
Gozag was pleased with you.
You were a venomous arachnid creature.
You visited 2 branches of the dungeon, and saw 10 of its levels.

You collected 1070 gold pieces.
You paid 128 gold pieces to Gozag.

Inventory:

Missiles
 h - 3 curare-tipped darts
 w - 4 atropa-tipped darts
 G - 10 poisoned darts
Jewellery
 o - a ring of flight (left front leg)
 p - a +6 ring of intelligence (right front leg)
 y - an amulet of faith (around neck)
 C - a +6 ring of dexterity (on tentacle)
Wands
 x - a wand of acid (9)
 z - a wand of flame (40)
 D - a wand of digging (3)
Scrolls
 d - 2 scrolls of magic mapping {unknown}
 e - 6 scrolls of remove curse {unknown}
 i - a scroll of blinking {unknown}
 j - 2 scrolls of fear {unknown}
 k - a scroll of immolation
 l - a scroll of identify
 m - a scroll of random uselessness {unknown}
 r - 4 scrolls of amnesia {unknown}
 t - 3 scrolls of teleportation {unknown}
 v - a scroll of fog {unknown}
 E - a scroll of enchant armour {unknown}
 I - a scroll of vulnerability {unknown}
Potions
 a - 2 potions of lignification {unknown}
 b - 2 potions of magic
 c - 3 potions of flight
 f - 3 potions of curing
 g - a potion of attraction {unknown}
 n - 3 potions of heal wounds
 q - 2 potions of mutation
 s - 2 potions of degeneration
 u - a potion of haste {unknown}
 A - a potion of cancellation {unknown}
 F - 2 potions of ambrosia {unknown}
 H - a potion of might {unknown}
 J - a potion of resistance {unknown}


   Skills:
 + Level 2.4 Fighting
 + Level 5.7 Dodging
 - Level 0.4 Stealth
 + Level 10.2 Unarmed Combat
 * Level 5.8 Spellcasting
 * Level 5.9 Transmutations
 + Level 4.2 Poison Magic


You had 7 spell levels left.
You knew the following spells:

 Your Spells              Type           Power        Failure   Level
a - Beastly Appendage     Tmut           70%          4%          1
b - Spider Form           Tmut/Pois      15%          11%         3
c - Blade Hands           Tmut           17%          38%         5
d - Ice Form              Ice/Tmut       21%          45%         4

Your spell library contained the following spells:

 Spells                   Type           Power        Failure   Level
 Wereblood                Tmut           35%          5%          2
 Poisonous Vapours        Pois/Air       34%          14%         2
 Apportation              Tloc           14%          22%         1
 Sandblast                Erth           14%          22%         1
 Mephitic Cloud           Conj/Pois/Air  13%          32%         3
 Conjure Flame            Conj/Fire      7%           45%         3
 Freezing Cloud           Conj/Ice/Air   3%           100%        6


Dungeon Overview and Level Annotations

Branches:
Dungeon (9/15)             Temple (1/1) D:5
   Lair: D:8-11         Orc: D:9-12

Altars:
Ashenzari
Cheibriados
Dithmenos
Elyvilon
Fedhas
Gozag
Hepliaklqana
Kikubaaqudgha
Makhleb
Nemelex Xobeh
Okawaru
Qazlal
Ru
Sif Muna
Trog
Uskayaw
Vehumet
Wu Jian
Xom
Yredelemnul
Zin
The Shining One

Annotations:
D:3 2 transporters, e0n's ghost, amateur HONe
D:4 exclusion: downstairs
D:7 1 runed translucent door, exclusion: door, makewrite's ghost, novice MiFi


Innate Abilities, Weirdness & Mutations

You cannot wear most types of armour.
You are very stealthy in the water. (Stealth+)
((You are amphibious.))
You can wear up to eight rings at the same time.
((You can use your tentacles to constrict eight enemies at once.))
((Your skin changes colour to match your surroundings (Stealth+).))
((Your rubbery body absorbs attacks. (AC +1, EV +1)))


Message History

The white imp gestures at you. The puff of frost hits you.
* * * LOW HITPOINT WARNING * * *
The orc completely misses you.
The white imp becomes distracted by your gold, dreaming of imaginary riches.
The orc warrior completely misses you.
The orc warrior looks more healthy.
You bite the orc!
You kill the orc!
The orc warrior becomes distracted by the nearby gold, dreaming of imaginary riches.
The orc barely misses you.
The orc warrior is no longer distracted by gold.
You feel yourself speed up.
You hit the orc warrior but do no damage.
The orc warrior is poisoned.
The orc warrior is heavily wounded.
The orc closely misses you.
The orc warrior hits you with a +0 battleaxe!!
You die...
Your body crumbles into a pile of gold.

#..>.o.#..# #..$...#..#
.# #......#.$# .#
#...)..#..# .#
#......#.o# .#
#.....S#.o# .#
#......#..# .#
#......#..######.####.#
............o.os.......
...........o.........
#####################


You could see an orc warrior (very poisoned) and 2 orcs.

Vanquished Creatures
  Sigmund (D:6)
  5 yaks (D:7)
  2 orc warriors
  4 ogres
  A black bear (D:7)
  2 centaurs
  2 big kobolds (D:8)
  3 bullfrogs
  2 scorpions
  2 wyvern skeletons
  5 killer bees (D:7)
  A howler monkey (D:5)
  9 wights
  A bullfrog zombie (D:7)
  A quasit (D:7)
  3 hounds
  5 orc priests
  7 orc wizards
  3 centaur skeletons
  Terence (D:3)
  An iguana (D:8)
  Natasha (thrice) (D:2)
  A worker ant (D:8)
  A killer bee zombie (D:8)
  A hound skeleton (D:7)
  2 worker ant zombies
  A howler monkey zombie (D:5)
  3 gnolls (D:7)
  8 adders
  A shadow imp (D:8)
  2 white imps (D:8)
  2 ufetubi
  2 adder skeletons (D:5)
  An adder zombie (D:5)
  3 worms
  3 dart slugs (D:2)
  4 leopard geckos
  26 orcs
  7 bats
  6 giant cockroaches
  10 goblins
  6 hobgoblins
  4 jackals
  5 quokkas
  2 ball pythons
  7 frilled lizards
  2 jackal zombies (D:5)
  13 kobolds
  4 quokka skeletons
  A quokka zombie (D:5)
  9 rats
201 creatures vanquished.

Vanquished Creatures (others)
  2 plants (D:9)
2 creatures vanquished.

Grand Total: 203 creatures vanquished

Notes
Turn   | Place    | Note
-------+----------+-------------------------------------------
     0 | D:1      | H0rd4k the Octopode Transmuter began the quest for the Orb.
     0 | D:1      | Reached XP level 1. HP: 13/13 MP: 3/3
   211 | D:1      | Reached XP level 2. HP: 18/18 MP: 5/5
   815 | D:2      | Reached XP level 3. HP: 18/23 MP: 6/6
   824 | D:2      | Learned a level 3 spell: Spider Form
  1202 | D:2      | Noticed Natasha
  1208 | D:2      | Killed Natasha
  1209 | D:2      | Reached skill level 4 in Unarmed Combat
  1209 | D:2      | Reached XP level 4. HP: 28/28 MP: 7/7
  1218 | D:2      | Noticed Natasha
  1224 | D:2      | Killed Natasha
  1441 | D:2      | Reached XP level 5. HP: 21/33 MP: 8/8
  1755 | D:2      | Noticed Natasha
  1771 | D:2      | Killed Natasha
  2745 | D:3      | Reached XP level 6. HP: 15/38 MP: 10/10
  3044 | D:3      | Noticed Terence
  3055 | D:3      | Killed Terence
  3056 | D:3      | Reached skill level 5 in Unarmed Combat
  3329 | D:3      | Found a transporter.
  3351 | D:3      | Noticed e0n's ghost (amateur HONe)
  3354 | D:3      | Found a transporter.
  3669 | D:3      | Found a glowing silver altar of Zin.
  3669 | D:3      | Found a sacrificial altar of Ru.
  3676 | D:3      | Found a basalt altar of Yredelemnul.
  3696 | D:3      | Found a hazy altar of Hepliaklqana.
  3824 | D:3      | Found a white marble altar of Elyvilon.
  5003 | D:4      | Found an iron altar of Okawaru.
  5195 | D:5      | Entered Level 5 of the Dungeon
  5212 | D:5      | Found a sparkling altar of Nemelex Xobeh.
  5226 | D:5      | Reached XP level 7. HP: 43/43 MP: 11/11
  5846 | D:5      | Found a staircase to the Ecumenical Temple.
  5865 | Temple   | Entered the Ecumenical Temple
  6889 | D:5      | Reached skill level 6 in Unarmed Combat
  7586 | D:6      | Noticed Sigmund
  7596 | D:6      | Reached XP level 8. HP: 26/50 MP: 10/13
  7604 | D:6      | Killed Sigmund
  7925 | D:6      | Found a white marble altar of Elyvilon.
  7965 | D:6      | Reached skill level 7 in Unarmed Combat
  7997 | D:6      | Found a broken altar of Ashenzari.
  8097 | D:6      | Got a transparent hunting sling
  8098 | D:6      | Identified the +1 hunting sling of the Depths {vorpal,
                  | Will+ Int+4} (You found it on level 6 of the Dungeon)
  8445 | D:6      | Found an opulent altar of Gozag.
  8447 | D:6      | Found an ancient bone altar of Kikubaaqudgha.
  8524 | D:6      | Became a worshipper of Gozag Ym Sagoz the Greedy
  8815 | D:6      | Found a bloodstained altar of Trog.
  8874 | D:6      | Found a shimmering blue altar of Sif Muna.
  8898 | D:6      | Identified Sif Muna's Papyrus of the Traveller and the
                  | Mountains
  9245 | D:6      | Found a burning altar of Makhleb.
  9333 | D:7      | Noticed a yak
  9333 | D:7      | Noticed a yak
  9334 | D:7      | Noticed a yak
  9340 | D:7      | Noticed a yak
  9342 | D:7      | Noticed a yak
  9348 | D:7      | Killed a yak
  9349 | D:7      | Reached skill level 8 in Unarmed Combat
  9349 | D:7      | Reached XP level 9. HP: 54/54 MP: 12/15
  9558 | D:7      | Reached skill level 5 in Transmutations
  9727 | D:7      | Reached skill level 5 in Dodging
  9727 | D:7      | Reached skill level 5 in Spellcasting
  9968 | D:7      | Reached skill level 9 in Unarmed Combat
 10344 | D:7      | Found a runed translucent door.
 10345 | D:7      | Noticed a centaur warrior
 10346 | D:7      | Noticed makewrite's ghost (novice MiFi)
 11057 | D:8      | Reached XP level 10. HP: 19/61 MP: 16/18
 11974 | D:8      | Reached skill level 10 in Unarmed Combat
 12566 | D:8      | Learned a level 5 spell: Blade Hands
 12571 | D:8      | Learned a level 4 spell: Ice Form
 12628 | D:9      | Slain by an orc warrior

Illustrated notes

Levels and vault maps discovered:
D:1:      minmay_arrival_four_houses, layout_loops_ring
D:2:      minmay_razor_zed, layout_basic, uniq_natasha
D:3:      layout_basic, chequers_temple_overflow_minitemple,
          gammafunk_ghost_arena, uniq_terence
D:4:      layout_basic, lemuel_round_altar
D:5:      minmay_diamond_boxcup, layout_basic, lemuel_crystal_altar,
          minmay_temple_entry_arrows, serial_undead, serial_undead_d,
          serial_undead_b, serial_undead_e, serial_undead_d, minivault_23
D:6:      layout_gridville, nzn_overflow_gifts_of_might_and_magic,
          marbit_many_paths, chequers_temple_overflow_statue_of_worship,
          nicolae_ashenzari_panopticon, elyvilon_altar_4, uniq_sigmund
D:7:      layout_loops_ring, ebering_ghost_inner_flame
D:8:      layout_loops_corners, chequers_serial_rivers_micro_a,
          minmay_misc_feat_encased
D:9:      minmay_polygon_palace, layout_long_grid, disabler_island
Temple:   jpeg_temple_island

Skill      XL: |  1  2  3  4  5  6  7  8  9 10 |
---------------+-------------------------------+-----
Unarmed Combat | 4 5 6 8 9 10 | 10.2
Poison Magic   | 2 3 4 |  4.2
Dodging        | 3 4 5 |  5.7
Spellcasting   | 3 4 5 |  5.8
Transmutations | 3 4 5 |  5.9
Fighting       | 2 |  2.4
Stealth        | |  0.4

Action                   |  1- 3 |  4- 6 |  7- 9 | 10-12 || total
-------------------------+-------+-------+-------+-------++-------
Melee: Unarmed           |    64 |   185 |   336 |    80 ||   665
       Constrict         |    18 |    36 |    28 |     4 ||    86
       Tentacles         |    14 |    29 |    28 |     5 ||    76
       Punch             |     4 |     6 |     7 |       ||    17
       Kick              |       |       |     1 |       ||     1
 Cast: Spider Form       |       |     2 |    19 |     8 ||    29
       Beastly Appendage |       |       |     1 |       ||     1
  Use: Scroll            |       |       |     6 |       ||     6
 Stab: Sleeping          |     1 |    12 |     4 |     1 ||    18
       Distracted        |       |     1 |     3 |     1 ||     5
Armor: Skin              |     6 |    11 |    10 |     5 ||    32
Dodge: Dodged            |    40 |   102 |   248 |    85 ||   475
